 Dungeon Crawl Stone Soup version 0.29-a0-613-gf2c431b9b9 (webtiles) character file.

Game seed: 68485996844939378

20 HoaS the Bolt Thrower (level 2, -5/17 HPs)
             Began as a Gargoyle Hunter on June 16, 2022.
             Slain by Natasha (7 damage)
             ... on level 2 of the Dungeon.
             The game lasted 00:01:23 (708 turns).

HoaS the Bolt Thrower (Gargoyle Hunter)              Turns: 708, Time: 00:01:24

Health: -5/17      AC:  7    Str: 14    XL:     2   Next: 79%
Magic:  2/2        EV: 10    Int:  9    God:
Gold:   69         SH:  0    Dex: 13    Spells: 1/1 levels left

rFire   . . .      SeeInvis .   a - +1 hand crossbow
rCold   . . .      Faith    .   (no shield)
rNeg    + . .      Spirit   .   e - +0 ring mail
rPois   ∞          Reflect  .   (no helmet)
rElec   +          Harm     .   (no cloak)
rCorr   .          Rampage  .   (no gloves)
Will    .....                   (no boots)
Stlth   +.........              (no amulet)
HPRegen 0.05/turn               (no ring)
MPRegen 0.08/turn               (no ring)

@: no status effects
A: sickness immunity, AC +2, negative energy resistance 1, electricity
resistance, torment resistance 1, petrification resistance
a: no special abilities


You were on level 2 of the Dungeon.
You visited 1 branch of the dungeon, and saw 2 of its levels.

You collected 69 gold pieces.

Inventory:

Hand Weapons
 a - a +1 hand crossbow (weapon)
Armour
 e - a +0 ring mail (worn)
Scrolls
 b - a scroll of enchant armour {unknown}
 c - a scroll of immolation
 d - 2 scrolls of identify {unknown}
 f - a scroll of teleportation {unknown}
 g - a scroll of noise {unknown}


   Skills:
 - Level 2.1 Fighting
 + Level 4.8 Crossbows
 - Level 1.5 Dodging
 - Level 1.1 Stealth


You had one spell level left.
You didn't know any spells.
Your spell library was empty.

Dungeon Overview and Level Annotations

Branches:
Dungeon (2/15)

Altars:

Annotations:
D:2 Natasha


Innate Abilities, Weirdness & Mutations

You are immune to sickness and miasma.
Your stone body is resilient. (AC +2)
You are immune to poison.
You resist negative energy. (rN+)
You are resistant to electric shocks. (rElec)
You are resistant to unholy torment.
You are immune to petrification.


Message History

There is an open door here.
Found a stone staircase leading down.
You see here a frilled lizard corpse.
d - 2 scrolls labelled ZIXEDGHU OVEPS (gained 1)
g - a scroll labelled LEANEU FIMNUUV
Found a leather armour.
A goblin comes into view. It is wielding a +0 dagger.
You shoot a bolt. The bolt hits the goblin.
You kill the goblin!
No target in view!
Things that are here:
a +0 dagger; a goblin corpse Done exploring.
Done exploring.
Done exploring.
(D) Dungeon
Where to? (? - help)
There is a stone staircase leading down here.
You climb downwards.
Found a book of Changes.
Found a stone staircase leading down.
There is a stone staircase leading up here.
Natasha is nearby!
You shoot a bolt. The bolt closely misses Natasha.
You shoot a bolt. The bolt hits Natasha.
Natasha is lightly wounded.
Natasha wildly gestures.
Natasha glows brightly for a moment.
You shoot a bolt. The bolt hits Natasha.
Natasha is moderately wounded.
Natasha stares at you and mumbles some strange words.
The magic dart hits you! Natasha claws you!
* * * LOW HITPOINT WARNING * * *
You are too injured to fight recklessly!
Shoot: a) +1 hand crossbow
Press: ? - help, Q - select action Shift-Dir - straight line, f/p - Natasha
Aim: Natasha (moderately wounded, 56% to hit)
You shoot a bolt. The bolt hits Natasha!
Natasha is severely wounded.
Natasha claws you!
You die...

###.. .... >...
..# ..# #####
#.# .
......#.###...#
.......@.......
.......h.......
.............:.
...........#...
...........# ..
...........# .
###.....####
#.....#


You could see Natasha.

Vanquished Creatures
  An endoplasm (D:1)
  4 goblins (D:1)
  3 hobgoblins (D:1)
  A quokka (D:1)
  3 ball pythons (D:1)
  3 bats (D:1)
  A frilled lizard (D:1)
  A kobold (D:1)
  A rat (D:1)
18 creatures vanquished.

Notes
Turn   | Place    | Note
-------+----------+-------------------------------------------
     0 | D:1      | HoaS the Gargoyle Hunter began the quest for the Orb.
     0 | D:1      | Reached XP level 1. HP: 12/12 MP: 1/1
    34 | D:1      | Found a faded altar of an unknown god.
    45 | D:1      | Reached XP level 2. HP: 17/17 MP: 2/2
   704 | D:2      | Noticed Natasha
   708 | D:2      | Slain by Natasha

Illustrated notes

Levels and vault maps discovered:
D:1:      saegor_arrival_simple_c, layout_basic,
          nicolae_ecumenical_snake_handling
D:2:      layout_basic, minmay_misc_feat_more_columns, uniq_natasha,
          uniq_terence

Action                   || total
-------------------------++-------
 Fire: Hand crossbow     ||    47
Armor: Leather armour    ||     3
       Ring mail         ||    17
Dodge: Dodged            ||    13

Table legend: (Time is in decaauts)
 A = Elapsed time spent in this place.
 B = Non-inter-level travel time spent in this place.
 C = Inter-level travel time spent in this place.
 D = Time resting spent in this place.
 E = Time spent auto-exploring this place.
 F = Levels seen in this place.
 G = Mean time per level.
                   A        B        C        D        E       F      G
               +--------+--------+--------+--------+--------+-----+--------+
         Total |    724 |    710 |     14 |    161 |    435 |   2 |  362.0 |
       Dungeon |    724 |    710 |     14 |    161 |    435 |   2 |  362.0 |
               +--------+--------+--------+--------+--------+-----+--------+

Top non-repeatable levels by time:
     D:1: 719 daAuts
     D:2: 5 daAuts
